AoeStats
← daddeldida

Oasis

509920756Analyzed
4v4 RM · 4d ago on Sep 28, 2026· 43m 45s· 8 players
Game mode
Random Map
Map size
Large (8 player)
Population
200
Speed
Normal
Resources
Standard
Victory
Conquest
Starting age
Dark Age
Ending age
Imperial Age
RankedLock teamsTeams togetherTeam positionsShared explorationLock speedFull tech treeHidden civsTurbo modeCheats
Victory
Defeat
🇪🇸 Maya · Spain
1315
+18
🇺🇸 Varangians · United States
1285
+19
🇲🇽 Slavs · Mexico
1268
+20
🇪🇸 Huns · Spain
1210
+22
🇩🇪 Britons · Germany
1474
-23
🇩🇪 Magyars · Germany
1350
-20
🇩🇪 Persians · Germany
1312
-18
🇩🇪 Maya · Germany
1299
-18
man_mel49
9:41 Feudal Age
10:07 Double-Bit Axe
11:40 Loom
19:50 Castle Age
17:58 Scale Barding Armor
19:03 Bloodlines
20:06 Forging
27:12 Chain Barding Armor
27:56 Husbandry
28:59 Iron Casting
33:10 Bow Saw
34:05 Wheelbarrow
36:30 Hand Cart
41:57 Imperial Age
39:30 Gold Mining
39:31 Stone Mining
41:26 Town Watch
43:19 Plate Barding Armor
43:35 Conscription
42:42 Capped Ram
42:46 Pikeman
43:28 Squires
42:57 Cavalier
SLAMCOW
7:03 Loom
9:30 Feudal Age
9:39 Man-at-Arms
11:31 Arson
14:42 Double-Bit Axe
16:59 Horse Collar
21:16 Fletching
24:31 Castle Age
23:59 Padded Archer Armor
24:20 Gold Mining
25:43 Bow Saw
26:35 Bodkin Arrow
27:30 Wheelbarrow
28:25 Town Watch
32:28 Hand Cart
37:19 Imperial Age
35:14 Stone Mining
39:06 Bracer
39:22 Leather Archer Armor
40:12 Chemistry
39:39 Forging
42:51 Vendel Legacy
43:52 Conscription
43:39 Scale Barding Armor
44:09 Iron Casting
Petit_Pois
0:32 Loom
9:22 Feudal Age
9:54 Double-Bit Axe
14:28 Fletching
23:38 Castle Age
21:53 Gold Mining
23:04 Horse Collar
23:58 Crossbowman
24:35 Bodkin Arrow
24:47 Thumb Ring
26:09 Ballistics
28:26 Bow Saw
33:00 Imperial Age
33:04 Arbalester
36:00 Bracer
38:33 Chemistry
42:13 Wheelbarrow
43:31 Conscription
franchi_mg
8:52 Loom
11:42 Feudal Age
15:50 Castle Age
14:06 Double-Bit Axe
14:39 Horse Collar
16:02 Bloodlines
19:34 Husbandry
21:12 Wheelbarrow
22:32 Scale Barding Armor
25:11 Forging
27:34 Gold Mining
28:26 Chain Barding Armor
28:42 Stone Mining
29:33 Town Watch
30:34 Heavy Plow
35:36 Imperial Age
34:29 Hand Cart
36:17 Gold Shaft Mining
36:54 Plate Barding Armor
36:55 Iron Casting
35:43 Cavalier
39:02 Conscription
39:07 Atheism
38:50 Marauders
40:37 Blast Furnace
39:48 Paladin
43:01 Elite Tarkan
Chalix
7:18 Loom
9:54 Feudal Age
10:48 Double-Bit Axe
14:18 Fletching
16:08 Town Watch
16:44 Horse Collar
24:30 Castle Age
23:21 Gold Mining
23:25 Stone Mining
26:29 Gold Shaft Mining
25:17 Crossbowman
25:53 Bodkin Arrow
25:59 Padded Archer Armor
27:05 Wheelbarrow
26:46 Bow Saw
26:43 Heavy Plow
28:34 Leather Archer Armor
31:28 Elite Skirmisher
33:31 Ballistics
34:10 Hand Cart
38:20 Imperial Age
37:15 Yeomen
38:53 Arbalester
39:34 Bracer
40:37 Chemistry
40:13 Warwolf
daddeldida
6:30 Loom
9:16 Feudal Age
11:59 Double-Bit Axe
11:57 Horse Collar
19:12 Castle Age
18:19 Gold Mining
19:25 Bloodlines
19:23 Scale Barding Armor
21:08 Forging
24:35 Husbandry
25:33 Wheelbarrow
25:40 Wheelbarrow
27:03 Chain Barding Armor
28:54 Fletching
36:11 Hand Cart
35:45 Town Watch
40:41 Bodkin Arrow
41:22 Iron Casting
42:32 Ballistics
44:45 Imperial Age
42:20 Heavy Plow
Nitrozwerg/Janik
0:26 Loom
9:35 Feudal Age
11:47 Double-Bit Axe
15:40 Fletching
19:50 Padded Archer Armor
19:32 Horse Collar
26:43 Castle Age
26:57 Crossbowman
27:32 Bodkin Arrow
32:39 Wheelbarrow
33:38 Leather Archer Armor
33:36 Bow Saw
[PFFFT]Barbie
7:52 Loom
10:05 Feudal Age
11:00 Double-Bit Axe
18:16 Castle Age
16:55 Horse Collar
17:24 Scale Barding Armor
21:39 Husbandry
21:50 Bloodlines
27:48 Bow Saw
29:05 Wheelbarrow
30:03 Chain Barding Armor
32:08 Gold Mining
32:13 Stone Mining
32:57 Hand Cart
36:09 Town Watch
37:58 Corvinian Army
40:31 Imperial Age
40:43 Heavy Plow
40:41 Cavalier
40:43 Light Cavalry
42:02 Plate Barding Armor
40:54 Elite Magyar Huszar
42:11 Paladin
42:34 Hussar
Connection lost

Rejoining the realm…

Still unreachable

The connection could not be restored.

Session expired

The server has moved on; the page needs a fresh start.